 Dungeon Crawl Stone Soup version 0.29.1-1-gd02db6906a (webtiles) character file.

Game seed: 13883389931869701311

4730 virigoth the Bludgeoner (level 10, 0/90 HPs)
             Began as a Minotaur Berserker on Sept 18, 2022.
             Was a High Priest of Trog.
             Slain by a killer bee (7 damage)
             ... on level 9 of the Dungeon.
             The game lasted 00:25:41 (7869 turns).

virigoth the Bludgeoner (Minotaur Berserker)        Turns: 7869, Time: 00:25:42

Health: 0/90       AC: 12    Str: 24    XL:     10   Next: 22%
Magic:  9/9        EV: 12    Int:  9    God:    Trog [*****.]
Gold:   409        SH:  0    Dex: 16    Spells: 9/9 levels left

rFire   . . .      SeeInvis .   L - +3 morningstar
rCold   + . .      Faith    +   (no shield)
rNeg    . . .      Spirit   .   k - +0 plate armour
rPois   .          Reflect  .   (helmet restricted)
rElec   .          Harm     +   G - scarf {harm}
rCorr   .          Rampage  +   (no gloves)
Will    ++...                   (no boots)
Stlth   ..........              n - amulet of Puofi {Faith Rampage rC+ Int+3}
HPRegen 1.25/turn               r - +6 ring of dexterity
MPRegen 0.11/turn               h - +4 ring of evasion

@: lethally poisoned (0 -> -20), strong-willed, on berserk cooldown,
regenerating, slowed, very slow
A: horns 2, retaliatory headbutt
a: Renounce Religion, Berserk, Trog's Hand, Brothers in Arms


You were on level 9 of the Dungeon.
You worshipped Trog.
Trog was extremely pleased with you.
You visited 2 branches of the dungeon, and saw 10 of its levels.

You collected 409 gold pieces.

Inventory:

Hand Weapons
 a - a +0 vorpal long sword
 g - a +0 dagger of draining
 x - a +0 antimagic dagger
 y - a +1 whip of freezing
 B - a +1 halberd of protection
 C - a +2 hand axe of electrocution
 L - a +3 morningstar (weapon)
Armour
 d - a +0 kite shield
 k - a +0 plate armour (worn)
 G - a scarf of harm (worn)
 H - a +0 cloak
Jewellery
 e - a ring of flight
 f - a ring of willpower
 h - a +4 ring of evasion (right hand)
 l - a ring of fire
 n - the amulet of Puofi (around neck) {Faith Rampage rC+ Int+3}
   (You found it on level 2 of the Dungeon)

   [amulet of faith]

   It allows you to gain divine favour quickly.
   Int:       It affects your intelligence (+3).
   rC:        It protects you from cold.
   Rampage:   It bestows one free step when moving towards enemies.
 r - a +6 ring of dexterity (left hand)
 v - an amulet of regeneration
 K - a ring of protection from fire
Wands
 p - a wand of iceblast (23)
 w - a wand of paralysis (13)
 z - a wand of flame (25)
Scrolls
 o - a scroll of amnesia {unknown}
 t - 2 scrolls of identify
 u - 3 scrolls of immolation {unknown}
 D - 2 scrolls of vulnerability {unknown}
 I - 3 scrolls of fear
 J - a scroll of magic mapping {unknown}
Potions
 b - 2 potions of flight
 c - a potion of degeneration {unknown}
 i - 2 potions of resistance
 j - 3 potions of curing
 m - a potion of magic
 q - a potion of lignification {unknown}
 s - a potion of might
 E - a potion of ambrosia {unknown}
 F - 2 potions of mutation {unknown}


   Skills:
 - Level 8.5 Fighting
 + Level 15.1 Maces & Flails
 - Level 5.0 Armour
 - Level 4.5 Dodging


You had 9 spell levels left.
You didn't know any spells.
Your spell library was empty.

Dungeon Overview and Level Annotations

Branches:
Dungeon (9/15)             Temple (1/1) D:5
   Lair: D:8-11         Orc: D:9-12

Altars:
Ashenzari
Dithmenos
Elyvilon
Fedhas
Gozag
Hepliaklqana
Kikubaaqudgha
Makhleb
Nemelex Xobeh
Okawaru
Qazlal
Ru
Sif Muna
Trog
Uskayaw
Vehumet
Wu Jian
Xom
Yredelemnul
The Shining One

Shops:
D:6 :

Annotations:
Temple 4 transporters


Innate Abilities, Weirdness & Mutations

You have a pair of horns on your head.
You reflexively headbutt those who attack you in melee.


Message History

The killer bee barely misses you.
You feel much better.
You feel very sick. The killer bee barely misses you.
The killer bee stings you but does no damage. x3
The killer bee stings you.
You are more poisoned.
The killer bee poisons you! The killer bee stings you.
You are more poisoned.
The killer bee poisons you! The orc closely misses you.
You furiously retaliate!
You headbutt the orc. The orc barely misses you.
The killer bee stings you but does no damage.
The killer bee stings you.
The killer bee stings you but does no damage.
You barely miss the orc.
The orc is severely wounded.
You feel extremely sick.
The killer bee stings you but does no damage.
The killer bee closely misses you.
The killer bee stings you but does no damage.
The killer bee barely misses you. The orc misses you.
An orc warrior comes into view. It is wielding a +0 halberd.
The orc misses you. The killer bee closely misses you. You furiously retaliate!
You headbutt the killer bee, but do no damage.
The killer bee barely misses you.
The killer bee stings you but does no damage.
The killer bee stings you.
* * * LOW HITPOINT WARNING * * *
You are more poisoned.
The killer bee poisons you!
You barely miss the killer bee. You headbutt the killer bee.
The killer bee is lightly wounded.
* * * LOW HITPOINT WARNING * * *
You feel extremely sick. The killer bee closely misses you.
The killer bee stings you!
* * * LOW HITPOINT WARNING * * *
You are more poisoned.
The killer bee poisons you! The killer bee barely misses you.
The killer bee stings you.
You die...

.......## .##..
#.o.>....#
#....#
#........##...#
#.....#†<....##
##..............
#....o......###.
#....O........#
#>..oo....###...
#....@y..## #.
#...yyy.......#
#....W...####.#
######.### ..#
.... .W.. .≈...≈


You could see a wraith, an orc warrior, an ogre, 4 killer bees and 3 orcs.

Vanquished Creatures
  Pikel (D:5)
  Prince Ribbit (D:5)
  A wyvern (D:9)
  A steam dragon (D:7)
  7 yaks
  Menkaure (D:6)
  A water moccasin (D:6)
  2 ice beasts
  A black bear (D:8)
  2 ogres
  A sky beast (D:7)
  A centaur (D:7)
  A lemure (D:5)
  A phantom (D:5)
  Blork the orc (D:5)
  2 kobold brigands (D:7)
  3 bullfrogs
  A necrophage (D:6)
  4 scorpions
  5 wights (D:7)
  A killer bee (D:9)
  3 howler monkeys (D:8)
  5 hounds
  4 jellies
  5 orc priests
  3 iguanas
  Ijyb (D:5)
  3 orc wizards (D:5)
  A mummy (D:6)
  6 adders
  2 white imps
  2 ufetubi
  A worm (D:4)
  2 dart slugs (D:3)
  14 orcs
  4 bats
  10 endoplasms
  3 giant cockroaches
  7 goblins
  5 hobgoblins
  23 kobolds
  4 quokkas
  14 ball pythons
  7 frilled lizards
  2 hobgoblin zombies (D:6)
  2 orc zombies (D:6)
  3 rats
175 creatures vanquished.

Notes
Turn   | Place    | Note
-------+----------+-------------------------------------------
     0 | D:1      | virigoth the Minotaur Berserker began the quest for the
                  | Orb.
     0 | D:1      | Reached XP level 1. HP: 19/19 MP: 0/0
   273 | D:1      | Reached skill level 4 in Maces & Flails
   307 | D:1      | Reached XP level 2. HP: 23/27 MP: 1/1
   873 | D:1      | Found a faded altar of an unknown god.
  1008 | D:1      | Reached ** piety under Trog
  1012 | D:1      | Reached XP level 3. HP: 32/33 MP: 2/2
  1014 | D:1      | Reached skill level 5 in Maces & Flails
  1965 | D:2      | Found a burning altar of Makhleb.
  2245 | D:2      | Identified the amulet of Puofi {Faith Rampage rC+ Int+3}
  2618 | D:3      | Reached skill level 6 in Maces & Flails
  2618 | D:3      | Reached XP level 4. HP: 31/40 MP: 3/3
  2632 | D:3      | HP: 1/40 [orc priest/nerve-wracking pain (13)]
  2995 | D:3      | Noticed an ogre
  2999 | D:3      | Killed an ogre
  3000 | D:3      | Reached skill level 7 in Maces & Flails
  3000 | D:3      | Reached XP level 5. HP: 16/46 MP: 4/4
  3538 | D:3      | Found an ornate altar of the Wu Jian Council.
  3946 | D:4      | Reached *** piety under Trog
  3955 | D:4      | Reached skill level 8 in Maces & Flails
  4109 | D:4      | Reached XP level 6. HP: 50/52 MP: 5/5
  4521 | D:5      | Entered Level 5 of the Dungeon
  4591 | D:5      | Reached skill level 9 in Maces & Flails
  4639 | D:5      | Noticed Ijyb
  4645 | D:5      | Killed Ijyb
  4652 | D:5      | Noticed an ice beast
  4667 | D:5      | Killed an ice beast
  4668 | D:5      | Reached XP level 7. HP: 58/58 MP: 6/6
  4670 | D:5      | Reached skill level 10 in Maces & Flails
  4782 | D:5      | Noticed a yak
  4783 | D:5      | Noticed a yak
  4788 | D:5      | Noticed a yak
  4799 | D:5      | Killed a yak
  4803 | D:5      | Killed a yak
  4804 | D:5      | Reached skill level 11 in Maces & Flails
  4806 | D:5      | Killed a yak
  4807 | D:5      | Reached XP level 8. HP: 60/66 MP: 7/7
  4928 | D:5      | Found a staircase to the Ecumenical Temple.
  4945 | D:5      | Found a hide-covered altar of Uskayaw.
  5002 | D:5      | Reached skill level 12 in Maces & Flails
  5017 | D:5      | Noticed Pikel
  5034 | D:5      | Killed Pikel
  5035 | D:5      | Reached skill level 13 in Maces & Flails
  5066 | D:5      | Noticed Prince Ribbit
  5080 | D:5      | Killed Prince Ribbit
  5081 | D:5      | Reached skill level 14 in Maces & Flails
  5160 | D:5      | Noticed Blork the orc
  5187 | D:5      | Killed Blork the orc
  5188 | D:5      | Reached XP level 9. HP: 44/73 MP: 8/8
  5590 | Temple   | Entered the Ecumenical Temple
  5590 | Temple   | Found a transporter.
  5590 | Temple   | Found a transporter.
  5592 | Temple   | Found a transporter.
  5592 | Temple   | Found a transporter.
  5685 | D:6      | Noticed Menkaure
  5691 | D:6      | Killed Menkaure
  5691 | D:6      | Reached **** piety under Trog
  5692 | D:6      | Reached skill level 5 in Fighting
  6346 | D:6      | Found Ikih's Tremendous Tomes.
  6864 | D:7      | Found a burning altar of Makhleb.
  6911 | D:7      | Reached ***** piety under Trog
  7463 | D:7      | Reached skill level 5 in Armour
  7614 | D:8      | Reached XP level 10. HP: 70/90 MP: 9/9
  7839 | D:8      | Noticed a two-headed ogre
  7840 | D:8      | Reached skill level 15 in Maces & Flails
  7869 | D:9      | Slain by a killer bee

Illustrated notes

Levels and vault maps discovered:
D:1:      spicycebolla_green_bress_n_ham, layout_basic,
          shapermc_ecumenical_altar_mp_highgroup, serial_bayou_pond_e,
          minmay_box_of_dots
D:2:      layout_loops_cross, basic_altar
D:3:      layout_loops_ring, pdpol_wu_jian_five_deadly_venoms, minivault_4,
          dk_noncrumbling_2, kennysheep_cross_room
D:4:      layout_gridville
D:5:      layout_rooms, kennysheep_mini, minmay_temple_entry_enclosed_plants,
          uniq_prince_ribbit1, uniq_ijyb, uniq_pikel, uniq_blork_the_orc
D:6:      layout_loops_ring, nicolae_shop_i_like_big_books, minmay_mini_ossuary,
          uniq_menkaure
D:7:      layout_loops_ring, makhleb_heckhound_becter, grunt_ministairs_2
D:8:      layout_loops_ring
D:9:      layout_rooms, special_room [special_room_orc], enter_bailey_5,
          kennysheep_crisscross, serial_bayou_lagoon_b, uniq_grum
Temple:   hellmonk_temple_divided_pantheon

Skill      XL: |  1  2  3  4  5  6  7  8  9 10 |
---------------+-------------------------------+-----
Maces & Flails | 4 6 7 8 9 11 14 15 | 15.1
Fighting       | 4 8 |  8.5
Armour         | 5 |  5.0
Dodging        | 4 |  4.5

Action                   |  1- 3 |  4- 6 |  7- 9 | 10-12 || total
-------------------------+-------+-------+-------+-------++-------
Melee: Mace              |   103 |    82 |    51 |       ||   236
       Headbutt          |    16 |    11 |    50 |     9 ||    86
       Whip              |       |       |   161 |       ||   161
       Punch             |       |       |     3 |     2 ||     5
       Morningstar       |       |       |    15 |    34 ||    49
       Hand axe          |       |       |     2 |       ||     2
       Flail             |       |       |     1 |       ||     1
Invok: Berserk           |     1 |     3 |     2 |     1 ||     7
       Trog's Hand       |       |     1 |       |     1 ||     2
  Use: Scroll            |     3 |     3 |     3 |       ||     9
       Potion            |       |       |       |     1 ||     1
Armor: Animal skin       |    15 |       |       |       ||    15
       Plate armour      |     7 |    38 |    62 |    27 ||   134
Dodge: Dodged            |    57 |    36 |    73 |    37 ||   203
